 Dungeon Crawl Stone Soup version 0.27-a0-650-g8dd3ea4f36 (webtiles) character file.

Game seed: 13050255392029044101

658 kiwi3s the Cleaver (level 7, -4/59 HPs)
             Began as a Minotaur Berserker on Mar 16, 2021.
             Was a Priest of Trog.
             Slain by a gnoll
             ... wielding a +0 halberd
              (12 damage)
             ... on level 5 of the Dungeon.
             The game lasted 00:03:42 (4216 turns).

kiwi3s the Cleaver (Minotaur Berserker)             Turns: 4216, Time: 00:03:43

Health: -4/59      AC: 11    Str: 23    XL:     7   Next: 29%
Magic:  6/6        EV:  8    Int:  4    God:    Trog [***...]
Gold:   173        SH:  0    Dex: 10    Spells: 6/6 levels left

rFire    . . .     SeeInvis .   a - +0 hand axe
rCold    . . .     Faith    .   (no shield)
rNeg     . . .     Spirit   .   g - +0 chain mail
rPois    .         Reflect  .   (helmet restricted)
rElec    .         Harm     .   (no cloak)
rCorr    .         Rampage  .   j - +1 pair of gloves
Will     .....                  (no boots)
Stlth    ..........             (no amulet)
HPRegen  0.19/turn              (no ring)
MPRegen  0.10/turn              (no ring)

@: coronaed, berserk cooldown, slowed, glowing, very slow
A: horns 2, retaliatory headbutt
a: Renounce Religion, Berserk, Trog's Hand


You were on level 5 of the Dungeon.
You worshipped Trog.
Trog was most pleased with you.
You visited 1 branch of the dungeon, and saw 5 of its levels.

You collected 173 gold pieces.

Inventory:

Hand Weapons
 a - a +0 hand axe (weapon)
Armour
 b - a +0 animal skin
 g - a +0 chain mail (worn)
 i - a +2 kite shield
 j - a +1 pair of gloves (worn)
 k - a +0 buckler
Jewellery
 q - a +6 ring of strength
Scrolls
 e - 4 scrolls of identify {unknown}
 h - 4 scrolls of teleportation {unknown}
 o - a scroll of random uselessness {unknown}
 p - 2 scrolls of amnesia {unknown}
 r - a scroll of fog {unknown}
Potions
 c - 3 potions of flight {unknown}
 d - 2 potions of haste {unknown}
 f - a potion of berserk rage {unknown}
 l - a potion of might {unknown}
 m - a potion of attraction {unknown}
 n - a potion of lignification {unknown}
 s - a potion of cancellation {unknown}
 t - a potion of degeneration {unknown}


   Skills:
 + Level 4.2 Fighting
 + Level 9.5 Axes
 + Level 3.9 Armour
 - Level 2.1 Dodging


You had 6 spell levels left.
You didn't know any spells.
Your spell library was empty.

Dungeon Overview and Level Annotations

Branches:
Dungeon (5/15)             Temple (0/1) D:5

Altars:
Ashenzari
Elyvilon
Qazlal
The Shining One

Shops:
D:4 (


Innate Abilities, Weirdness & Mutations

You have a pair of horns on your head.
You reflexively headbutt those who attack you in melee.


Message History

Trog accepts your kill.
You closely miss the gnoll.
You are too injured to fight recklessly!
Unknown command.
The gnoll hits you from afar with a +0 halberd.
The gnoll hits you but does no damage.
There is a staircase to the Ecumenical Temple here.
Items here: $ ) ? †.
You feel a strong urge to attack something.
You are no longer berserk.
You are exhausted.
You feel yourself slow down. The gnoll barely misses you.
You furiously retaliate!
You headbutt the gnoll! The gnoll hits you with a +0 halberd.
Your skin crawls.
You feel strong-willed.
You feel the effects of Trog's Hand fading.
The gnoll hits you with a +0 halberd. The gnoll hits you but does no damage.
You hit the gnoll but do no damage. Your headbutt misses the gnoll.
You hit the gnoll. The gnoll hits you with a +0 halberd.
The gnoll hits you but does no damage. The gnoll closely misses you.
You furiously retaliate!
You headbutt the gnoll!
You kill the gnoll!
Trog accepts your kill.
Unknown command.
You are too injured to fight recklessly!
You hit the gnoll.
The gnoll is moderately wounded.
The gnoll hits you but does no damage. The gnoll hits you with a +0 halberd!
* * * LOW HITPOINT WARNING * * *
You hit the gnoll but do no damage. You headbutt the gnoll.
The gnoll is severely wounded.
The gnoll hits you with a +0 halberd.
* * * LOW HITPOINT WARNING * * *
Unknown command.
You hit the gnoll. Your headbutt misses the gnoll.
The gnoll is severely wounded.
Your skin stops crawling.
You feel less strong-willed. The gnoll hits you with a +0 halberd!
You die...

#..... ..#. ..# #.....
#...####.# #....
........# #....#
#......# .#
....###.......## .#
#...#...#.....# .#
#.....#......##.# ..#
##.>.#####....#.#
.....#g@)).#....##.#.#
#..)#...#...##>#.#..
#...?)###......##...#..
#....# #.#.....###..##.
...... #...##### #.....
...### #...# #..##. ?..
...#.# ##.##. ..
..##+########..#.
.........#.


You could see a gnoll.

Vanquished Creatures
  The ghost of HendSelp the Ducker, an amateur GnMo (D:3)
  2 ogres
  A gnoll shaman (D:5)
  An iguana (D:5)
  2 worker ants
  An orc wizard (D:4)
  A hound skeleton (D:4)
  Robin (D:2)
  3 gnolls (D:5)
  9 adders
  An ooze (D:4)
  2 worms (D:3)
  3 dart slugs
  3 leopard geckos
  3 orcs (D:4)
  10 bats
  7 giant cockroaches
  11 goblins
  7 hobgoblins
  3 jackals (D:4)
  3 quokkas
  2 ball pythons
  A frilled lizard (D:2)
  2 kobolds (D:2)
  A quokka skeleton (D:4)
  10 rats
91 creatures vanquished.

Vanquished Creatures (others)
  A goblin (D:2)
1 creature vanquished.

Grand Total: 92 creatures vanquished

Notes
Turn   | Place    | Note
-------+----------+-------------------------------------------
     0 | D:1      | kiwi3s the Minotaur Berserker began the quest for the Orb.
     0 | D:1      | Reached XP level 1. HP: 19/19 MP: 0/0
   112 | D:1      | Reached skill level 4 in Axes
   269 | D:1      | Reached XP level 2. HP: 26/26 MP: 1/1
   857 | D:2      | Reached skill level 5 in Axes
   857 | D:2      | Reached XP level 3. HP: 24/31 MP: 2/2
  1208 | D:2      | Reached ** piety under Trog
  1221 | D:2      | Found a faded altar of an unknown god.
  1314 | D:2      | Noticed Robin
  1341 | D:2      | Killed Robin
  1342 | D:2      | Reached skill level 6 in Axes
  1342 | D:2      | Reached XP level 4. HP: 8/39 MP: 3/3
  2051 | D:3      | Found a runed translucent door.
  2053 | D:3      | Noticed HendSelp's ghost (amateur GnMo)
  2145 | D:3      | Reached XP level 5. HP: 39/45 MP: 4/4
  2225 | D:3      | Reached skill level 7 in Axes
  2491 | D:3      | Killed HendSelp's ghost
  2492 | D:3      | Reached skill level 8 in Axes
  2492 | D:3      | Reached XP level 6. HP: 33/51 MP: 5/5
  2848 | D:4      | Found Heuschest's Weapon Emporium.
  2905 | D:4      | Found a broken altar of Ashenzari.
  3006 | D:4      | Found a glowing golden altar of the Shining One.
  3224 | D:4      | Found a white marble altar of Elyvilon.
  3398 | D:4      | Found a stormy altar of Qazlal.
  3571 | D:4      | Reached *** piety under Trog
  3572 | D:4      | Reached skill level 9 in Axes
  4016 | D:5      | Entered Level 5 of the Dungeon
  4124 | D:5      | Reached XP level 7. HP: 56/59 MP: 6/6
  4166 | D:5      | Found a staircase to the Ecumenical Temple.
  4216 | D:5      | Slain by a gnoll

Illustrated notes

Levels and vault maps discovered:
D:1:      minmay_arrival_checkered_box, layout_basic
D:2:      layout_basic, chequers_ecumenical_altar_twisty, uniq_robin
D:3:      layout_basic, ebering_ghost_sewer_d
D:4:      minmay_door_path, layout_rooms, nicolae_ashenzari_panopticon,
          nicolae_elyvilon_peaceful_grove, marbit_many_paths,
          lemuel_doored_altar, serial_shops, nicolae_shop_statue_plus
D:5:      layout_basic, makhleb_heckhound_becter, minmay_temple_entry_arrows,
          amcnicky_mini_pool_small

Skill      XL: |  1  2  3  4  5  6 |
---------------+-------------------+-----
Axes           | 4 5 6 8 9 |  9.5
Armour         | 3 |  3.9
Fighting       | 4 |  4.2
Dodging        | |  2.1

Action                   |  1- 3 |  4- 6 |  7- 9 || total
-------------------------+-------+-------+-------++-------
Melee: Hand axe          |    84 |   114 |    22 ||   220
       Headbutt          |     7 |    19 |     6 ||    32
Invok: Berserk           |     1 |     1 |     1 ||     3
       Trog's Hand       |       |     2 |     1 ||     3
Armor: Animal skin       |     7 |       |       ||     7
       Chain mail        |    28 |    55 |     9 ||    92
Dodge: Dodged            |    41 |    46 |     9 ||    96

Table legend: (Time is in decaauts)
 A = Elapsed time spent in this place.
 B = Non-inter-level travel time spent in this place.
 C = Inter-level travel time spent in this place.
 D = Time resting spent in this place.
 E = Time spent auto-exploring this place.
 F = Levels seen in this place.
 G = Mean time per level.
                   A        B        C        D        E       F      G
               +--------+--------+--------+--------+--------+-----+--------+
         Total |   4225 |   4152 |     73 |    938 |   2717 |   5 |  845.0 |
       Dungeon |   4225 |   4152 |     73 |    938 |   2717 |   5 |  845.0 |
               +--------+--------+--------+--------+--------+-----+--------+

Top non-repeatable levels by time:
     D:4: 1201 daAuts
     D:2: 1121 daAuts
     D:3: 893 daAuts
     D:1: 814 daAuts
     D:5: 194 daAuts
